 Seeded DCSS version 0.30.1-9-gdf580d7c3d (webtiles) character file.

Game seed: 10807635437342793882 (custom seed)

1 Psyclone the Conjurer (level 1, 10/10 HPs)
             Began as a Deep Elf Conjurer on Oct 7, 2023.
             Quit the game on level 1 of the Dungeon.
             The game lasted 00:02:09 (125 turns).

Psyclone the Conjurer (Deep Elf Conjurer)            Turns: 125, Time: 00:02:10

Health: 10/10      AC:  5    Str:  8    XL:     1   Next: 16%
Magic:  6/6        EV: 12    Int: 21    God:
Gold:   20         SH:  0    Dex:  9    Spells: 5/6 levels left

rFire   + . .        c - +3 Elemental Staff {rElec rF+ rC+ AC+3}
rCold   + + +        (no shield)
rNeg    . . .        a - +0 robe
rPois   .            (no helmet)
rElec   +            (no cloak)
rCorr   .            (no gloves)
SInv    .            (no boots)
Will    +++..        d - amulet of Gofues {Acrobat rC++ Will+++ Dex-3 Stlth-}
Stlth   +            (no ring)
HPRegen 0.21/turn    (no ring)
MPRegen 0.10/turn

%: acrobat
@: no status effects
A: claws 1, strong 1
a: no special abilities


You were on level 1 of the Dungeon.
You visited 1 branch of the dungeon, and saw 1 of its levels.

You collected 20 gold pieces.

Inventory:

Hand Weapons
 c - the +3 Elemental Staff (weapon) {rElec rF+ rC+ AC+3}
   (You acquired it on level 1 of the Dungeon)

   It enhances your fire, ice, earth and air magic.
   AC:        It affects your AC (+3).
   rF:        It protects you from fire.
   rC:        It protects you from cold.
   rElec:     It insulates you from electricity.
Armour
 a - a +0 robe (worn)
Jewellery
 d - the amulet of Gofues (around neck) {Acrobat rC++ Will+++ Dex-3 Stlth-}
   (You acquired it on level 1 of the Dungeon)

   [amulet of the acrobat]

   It increases your evasion while moving and waiting.
   Dex:       It affects your dexterity (-3).
   rC:        It greatly protects you from cold.
   Will:      It greatly increases your willpower.
   Stlth:     It makes you less stealthy.
Potions
 b - a potion of magic


   Skills:
 + Level 2.4 Dodging
 + Level 2.4 Stealth
 + Level 3.0 Spellcasting
 + Level 4.4 Conjurations


You had 5 spell levels left.
You knew the following spells:

 Your Spells              Type           Power      Damage    Failure   Level
a - Magic Dart            Conj           84%        1d7       2%          1

Your spell library contained the following spells:

 Spells                   Type           Power      Damage    Failure   Level
 Searing Ray              Conj           42%        2d6       3%          2
 Dazzling Flash           Conj/Hex       24%        N/A       16%         3
 Fulminant Prism          Conj/Hex       6%         3d6       47%         4
 Iskenderun's Mystic Bla  Conj/Tloc      12%        2d5       47%         4


Dungeon Overview and Level Annotations

Branches:
Dungeon (1/15) Zot: 5875

Altars:


Innate Abilities, Weirdness & Mutations

You have sharp fingernails.
Your muscles are strong. (Str +4, Int/Dex -1)


Message History

There is an open door here.
You open the door.
A giant cockroach comes into view.
The giant cockroach moves out of view.
Casting: Magic Dart (safe; 1% risk of failure)
Confirm with . or Enter, or press ? or * to list all spells.
Aiming: Magic Dart (safe; 1% risk of failure)
Press: ? - help, Shift-Dir - straight line, f - giant cockroach
Aim: a giant cockroach (100% to hit)
The magic dart hits the giant cockroach but does no damage.
The giant cockroach misses you.
You now have 5/6 mp.
Casting: Magic Dart (safe; 1% risk of failure)
Confirm with . or Enter, or press ? or * to list all spells.
Aiming: Magic Dart (safe; 1% risk of failure)
Press: ? - help, Shift-Dir - straight line, f/p - giant cockroach
Aim: a giant cockroach (100% to hit)
The magic dart hits the giant cockroach.
The giant cockroach is almost dead.
The giant cockroach bites you.
You take 1 damage, and have 9/10 hp.
You now have 4/6 mp.
Casting: Magic Dart (safe; 1% risk of failure)
Confirm with . or Enter, or press ? or * to list all spells.
Aiming: Magic Dart (safe; 1% risk of failure)
Press: ? - help, Shift-Dir - straight line, f/p - giant cockroach
Aim: a giant cockroach (almost dead, 100% to hit)
The magic dart hits the giant cockroach!
You kill the giant cockroach!
You now have 3/6 mp.
HP restored.
Magic restored.
You see here a giant cockroach corpse.
You now have 20 gold pieces (gained 10).
e - a fizzy golden potion Health restored: 10; MP restored: 6 It was a potion of mutation.
You feel extremely strange.
You feel stronger.
Your fingernails lengthen.
Unknown command.
Unknown command.
Are you sure you want to abandon this character and quit the game? (Confirm with "yes".)

#### ...# ##.# ###.
...#################....
...†....................
...#.......# #.........
...#.......####.$....#
##.#............@....#
##.#.................#
.....................+
...######............# ####
#..............
#......#######+#####
#......# #.........#
#...###......###.........#
###...#..........#..⌠...⌠..#


There were no monsters in sight!

Vanquished Creatures
  A giant cockroach (D:1)
1 creature vanquished.

Notes
Turn   | Place    | Note
-------+----------+-------------------------------------------
     0 | D:1      | Psyclone the Deep Elf Conjurer began the quest for the Orb.
     0 | D:1      | Reached XP level 1. HP: 10/10 MP: 6/6
    46 | D:1      | Identified 2 scrolls of acquirement
    46 | D:1      | Acquired the amulet of Gofues {Acrobat rC++ Will+++ Dex-3
                  | Stlth-}
    56 | D:1      | Acquired the +3 Elemental Staff {rElec rF+ rC+ AC+3}
    56 | D:1      | Found the +3 Elemental Staff {rElec rF+ rC+ AC+3}
   124 | D:1      | Gained mutation: Your muscles are strong. (Str +4, Int/Dex
                  | -1) [potion of mutation]
   124 | D:1      | Gained mutation: You have sharp fingernails. [potion of
                  | mutation]
   125 | D:1      | Quit the game

Illustrated notes

Levels and vault maps discovered:
D:1:      mushboom_english_gardens, layout_basic,
          dreamdust_ecumenical_altar_drowned_temple

Action                     || total
---------------------------++-------
   Cast: Magic Dart        ||     3
    Use: Scroll            ||     2
         Potion            ||     1
  Dodge: Dodged            ||     1
